AoeStats
← Huskarls4

Oasis

507364829Analyzed
4v4 RM · 1mo ago on Sep 17, 2026· 18m 15s· 8 players
Game mode
Random Map
Map size
Large (8 player)
Population
200
Speed
Normal
Resources
Standard
Victory
Conquest
Starting age
Dark Age
Ending age
Imperial Age
RankedLock teamsTeams togetherTeam positionsShared explorationLock speedFull tech treeHidden civsTurbo modeCheats
Victory
Defeat
🇻🇳 Byzantines · Vietnam
1552
+13
🇹🇷 Goths · Türkiye
1539
+14
🇦🇷 Franks · Argentina
1525
+14
🇩🇪 Ethiopians · Germany
1398
+20
vs
🇲🇽 Mapuche · Mexico
1551
-18
🇦🇷 Bohemians · Argentina
1481
-15
🇺🇸 Wu · United States
1476
-15
🇬🇧 Romans · United Kingdom
1428
-13
Huskarls4
6:23 Loom
8:47 Feudal Age
VL Drácula
6:08 Loom
8:24 Feudal Age
10:17 Double-Bit Axe
12:34 Fletching
14:28 Horse Collar
AWAKALTA
8:35 Feudal Age
9:38 Double-Bit Axe
9:47 Horse Collar
11:43 Loom
17:20 Forging
18:29 Wheelbarrow
sseafood
6:27 Loom
8:58 Feudal Age
9:52 Double-Bit Axe
12:29 Fletching
Darealown
10:35 Feudal Age
10:55 Loom
14:39 Castle Age
13:42 Double-Bit Axe
15:18 Fletching
16:13 Padded Archer Armor
17:03 Crossbowman
18:18 Horse Collar
imenek
6:27 Loom
9:02 Feudal Age
9:12 Man-at-Arms
17:26 Double-Bit Axe
thanh7531
1:55 Loom
11:05 Feudal Age
14:13 Padded Archer Armor
16:34 Fletching
FutureEwe5582
6:14 Loom
8:37 Feudal Age
9:20 Double-Bit Axe
16:44 Forging
Connection lost

Rejoining the realm…

Still unreachable

The connection could not be restored.

Session expired

The server has moved on; the page needs a fresh start.